Unix NetHack Version 3.7.0-89 Work-in-progress - last build Sep 24 2023 11:22:49 (53c758e20ec9f971c2df60ea6fdb70904a508c9c,branch:master). Game began 2023-09-23 07:53:04, ended 2023-09-24 16:53:09. torpedovariant, lawful female human Valkyrie --- |...... |......... |.............. |.............. ----- |.... ......... 54...| -----...----- ---------5.-- --.- |.......|...-- .... |.......|.41.---...... |..@@...Ba..A.-...... |..@....|1.1.---.... |.......|...-- -.. ---------..-- 5 ...| ----- Torpedovariant the Warrior St:25 Dx:16 Co:18 In:16 Wi:18 Ch:18 Lawful Astral Plane $:0 HP:199(203) Pw:40(40) AC:-21 Xp:14 T:44462 Fly Latest messages: The Angel of Odin hits the priest of Odin. The priest of Odin wields a mace! The renegade Angel of Tyr wields a long sword! "I've met smarter (and prettier) acid blobs." The Angel of Loki wields a long sword! The Angel of Odin swings his long sword at the renegade Angel of Tyr. The Angel of Odin hits the renegade Angel of Tyr. The Angel of Odin swings his long sword at the renegade Angel of Tyr. The Angel of Odin hits the renegade Angel of Tyr. The Angel of Odin misses the renegade Angel of Tyr. The renegade Angel of Tyr swings his long sword at the Angel of Odin. The renegade Angel of Tyr hits the Angel of Odin. The renegade Angel of Tyr swings his long sword at the Angel of Odin. The renegade Angel of Tyr misses the Angel of Odin. The renegade Angel of Tyr misses the Angel of Odin. The Angel of Loki zaps you with a magic missile! The magic missile whizzes by you! The magic missile hits the Angel of Odin. The air crackles around the priest of Odin. The Angel of Odin wields a long sword! The Angel of Odin zaps you with a magic missile! The magic missile hits the Angel of Odin. The magic missile whizzes by you! The magic missile bounces! The Angel of Odin zaps you with a magic missile! The magic missile whizzes by you! "Come here often?" The renegade Angel of Tyr swings his long sword at the Angel of Odin. The renegade Angel of Tyr hits the Angel of Odin. The renegade Angel of Tyr swings his long sword at the Angel of Odin. The renegade Angel of Tyr misses the Angel of Odin. The renegade Angel of Tyr misses the Angel of Odin. "Run away! Live to flee another day!" The high priestess intones: "Pilgrim, you enter a sacred place!" "Wait! I shall polymorph into a grid bug to give thee a fighting chance!" The priest of Odin casts a spell! The priest of Odin summons insects around a spot near you! The high priestess wields a mace! The vampire bat turns to flee. You hear a chugging sound. The priestess of Tyr wields a mace! Pick an object. What do you want to sacrifice? [M or ?*] You offer the Amulet of Yendor to Tyr... An invisible choir sings, and you are bathed in radiance... The voice of Tyr booms out: "Mortal, thou hast done well!" "In return for thy service, I grant thee the gift of Immortality!" You ascend to the status of Demigoddess... Do you want your possessions identified? [ynq] (y) Inventory: Amulets J - a cursed amulet of flying (being worn) Weapons a - the blessed rustproof +0 Mjollnir (weapon in hand) Armor A - an uncursed +1 Hawaiian shirt with a water nymph motif named "water nymphs on a black background" (being worn) B - an uncursed greased +2 gray dragon scale mail (being worn) C - an uncursed greased thoroughly burnt +0 cloak of protection (being worn) D - an uncursed thoroughly burnt +2 pair of speed boots (being worn) E - an uncursed greased +0 pair of gauntlets of power (being worn) F - an uncursed very rusty +3 helmet (being worn) G - an uncursed +2 shield of reflection (being worn) Comestibles L - an uncursed lizard corpse named kebabtallrik Rings N - a blessed greased ring of free action (on right hand) U - a blessed ring of conflict (on left hand) Wands g - an uncursed wand of teleportation (0:3) h - an uncursed wand of death named zzzzz (0:1) w - an uncursed wand of teleportation (0:0) z - an uncursed wand of digging (0:5) Tools b - a blessed greased bag of holding containing 79 items e - a blessed stethoscope k - an uncursed skeleton key s - a cursed sack named cancellation containing 2 items t - an uncursed towel u - a blessed +0 unicorn horn named orcus:39 x - the blessed Orb of Fate (0:1) Q - the uncursed Bell of Opening (0:1) Contents of the bag of holding: an uncursed amulet of life saving an uncursed amulet of life saving an uncursed amulet of life saving an uncursed +1 athame named Illiteratebane the blessed rustproof +0 Excalibur the blessed +0 Grayswandir an uncursed +0 helm of telepathy an uncursed +0 helm of caution a cursed -1 helm of opposite alignment an uncursed +0 cloak of displacement an uncursed +0 oilskin cloak an uncursed C-ration 5 uncursed food rations 3 uncursed K-rations an uncursed lizard corpse named KFC 5 blessed scrolls of scare monster 17 potions of holy water an uncursed potion of water 3 potions of unholy water an uncursed diluted potion of extra healing 7 blessed diluted potions of full healing 3 uncursed diluted potions of full healing an uncursed potion of full healing a blessed potion of gain ability 2 uncursed potions of speed an uncursed ring of slow digestion an uncursed ring of slow digestion an uncursed ring of conflict a blessed ring of levitation an uncursed ring of levitation an uncursed ring of levitation an uncursed ring of levitation an uncursed wand of cold (0:8) an uncursed wand of cold (0:3) an uncursed wand of cold (0:1) an uncursed wand of death named empty (0:0) an uncursed wand of digging (0:8) an uncursed wand of digging (0:7) an uncursed wand of digging (0:0) an uncursed wand of digging (0:2) an uncursed wand of digging (0:5) an uncursed wand of digging (0:0) an uncursed wand of digging (0:6) a cursed wand of fire (0:8) a blessed wand of light (0:14) an uncursed wand of light (0:11) an uncursed wand of light (0:5) an uncursed wand of light (0:9) a cursed wand of light (0:14) an uncursed wand of lightning (0:3) an uncursed wand of lightning (0:1) a cursed wand of lightning (0:4) an uncursed wand of polymorph (0:7) an uncursed wand of polymorph (0:4) an uncursed wand of polymorph (0:6) an uncursed wand of polymorph (0:2) an uncursed wand of secret door detection (0:14) an uncursed wand of secret door detection (0:13) an uncursed wand of secret door detection (0:13) an uncursed wand of secret door detection (0:14) a cursed wand of secret door detection (0:15) a cursed wand of secret door detection (0:13) an uncursed wand of sleep (0:1) an uncursed wand of sleep (0:7) an uncursed wand of sleep (0:7) an uncursed wand of striking (0:8) an uncursed wand of striking (0:3) an uncursed wand of striking (0:2) an uncursed wand of striking (0:2) an uncursed wand of wishing named yay \o/ (0:1) an uncursed wand of wishing named zz (0:0) an uncursed bugle 6 uncursed tallow candles an uncursed oil lamp an uncursed brass lantern an uncursed brass lantern an uncursed can of grease (0:0) a cursed can of grease (0:22) an uncursed +0 pick-axe Contents of the sack named cancellation: an uncursed wand of cancellation (0:8) an uncursed wand of cancellation (0:4) Torpedovariant the Valkyrie's attributes: Background: You were a Warrior, a level 14 human Valkyrie. You were lawful, on a mission for Tyr who was opposed by Odin (neutral) and Loki (chaotic). You were in the endgame, on the Astral Plane. You entered the dungeon 44462 turns ago. You had 124399 experience points, 35601 more were needed to attain level 15. Basics: You had 199 out of 203 hit points. You had all 40 energy points (spell power). Your armor class was -21. Your wallet was empty. Autopickup was on for '!' plus thrown, with exceptions. Final Characteristics: Your strength was 25 (base:18/48, innate limit:18/100). Your dexterity was 16 (peak:18, limit:18). Your constitution was 18 (limit:18). Your intelligence was 16 (limit:18). Your wisdom was 18 (limit:18). Your charisma was 18 (limit:18). Final Status: You were flying. You were not hungry. You were unencumbered. You were wielding a hammer. You were skilled in hammer. Final Attributes: You were piously aligned. You were magic-protected. You were fire resistant. You were cold resistant. You were sleep resistant. You were shock resistant. You were poison resistant. You saw invisible. You were telepathic. You were warned. You were invisible to others. You were stealthy. You caused conflict. You had a moderate defense bonus (+9). You were protected. You took half physical damage. You took half spell damage. You were very fast. You had reflection. You had free action. You were very lucky. You had extra luck. Good luck did not time out for you. You survived. Miscellaneous: You never encountered a bones level. Total elapsed playing time was 6 hours, 58 minutes and 27 seconds. Major events: Turn 1: torpedovariant the lawful human Valkyrie entered the dungeon 639: attained the rank of Skirmisher (level 3) 1065: entered the Gnomish Mines 2913: attained the rank of Fighter (level 6) 3501: reached Mine Town 9278: entered Sokoban 10024: completed 1st Sokoban level 10538: completed 2nd Sokoban level 10877: completed 3rd Sokoban level 12140: completed 4th Sokoban level 12261: attained the rank of Woman-at-arms (level 10) 12431: acquired the Sokoban bag of holding 14624: acquired the Mines' End luckstone 15056: signified by divine providence, was chosen to carry Excalibur 17067: was bestowed with Mjollnir by Tyr 18186: was bestowed with Grayswandir by Tyr 19064: was bestowed with Demonbane by Tyr 24862: made her first wish - "blessed greased fixed +2 gray dragon scale mail", got "a greased gray dragon scale mail" 26840: killed Croesus 28822: killed Medusa 29763: attained the rank of Warrior (level 14) 30602: wished for "blessed greased fixed +2 shield of reflection", got "a greased polished silver shield" 31202: killed Lord Surtur 31202: found the Orb of Fate on the floor 31203: acquired the Bell of Opening 32724: wished for "blessed greased fixed ring of free action", got "a greased coral ring" 33281: entered Gehennom 34774: bribed Asmodeus with 15 zorkmids for safe passage 35038: killed Juiblex 35748: bribed Baalzebub with 30 zorkmids for safe passage 38632: destroyed Vlad the Impaler 38660: acquired the Candelabrum of Invocation 38999: killed Yeenoghu 39672: killed Orcus 41881: killed the Wizard of Yendor 41891: acquired the Book of the Dead 42098: performed the invocation 42567: killed the high priestess of Moloch 42573: acquired The Amulet of Yendor 42860: killed the Wizard of Yendor (2nd time) 43192: killed the Wizard of Yendor (3rd time) 44176: entered the Elemental Planes 44176: entered Plane of Earth 44177: killed the Wizard of Yendor (5th time) 44252: entered Plane of Air 44296: entered Plane of Fire 44311: entered Plane of Water 44413: entered the Astral Plane 44462: ascended Vanquished creatures: Orcus Yeenoghu Juiblex the Wizard of Yendor (6 times) Vlad the Impaler 2 arch-liches a high cleric 2 mastodons Medusa Croesus 8 krakens 3 iron golems 3 master liches 4 storm giants 5 glass golems 2 balrogs 6 purple worms a gray dragon 3 gold dragons 3 silver dragons 9 red dragons a white dragon 3 orange dragons a black dragon 4 blue dragons 5 green dragons a yellow dragon 21 minotaurs 5 jabberwocks Lord Surtur 6 baluchitheria 7 demiliches a stone golem 4 master mind flayers 5 Olog-hai 2 Nazgul 9 pit fiends a sandestin 3 hell hounds 3 displacer beasts 3 titanotheres 2 trappers a baby silver dragon 7 genetic engineers 4 disenchanters 30 vampire leaders a skeleton 9 aligned clerics 4 captains 6 shades 12 liches 2 clay golems 4 nurses 8 ice devils 5 nalfeshnees 9 lurkers above an Aleax 2 frost giants 2 ettins a golden naga 5 black puddings 35 vampires 10 lieutenants 33 ghosts 4 queen bees 3 winged gargoyles 4 mind flayers 8 giant mimics 7 long worms 7 zruties 33 fire giants 12 ogre tyrants 9 ice trolls 18 rock trolls 8 umber hulks 6 flesh golems 4 elven monarchs a doppelganger 4 hezrous 9 bone devils 5 large mimics 5 wumpuses 2 fire vortices 5 couatls 12 stalkers 2 air elementals 6 fire elementals 8 earth elementals 8 water elementals 13 hill giants 6 giant mummies 10 xorns 12 giant zombies 15 elf-nobles 23 sergeants 2 water demons 3 barbed devils 14 vrocks 4 salamanders 4 wargs 2 winter wolves 14 hell hound pups 16 small mimics a glass piercer 4 warhorses 2 steam vortices 19 xans 5 ettin mummies 8 ogre leaders 5 quantum mechanics 24 trolls a sasquatch 2 wood golems 3 erinyes 4 mariliths 4 sharks an electric eel 2 gelatinous cubes a pyrolisk 5 large dogs 5 freezing spheres 10 flaming spheres 6 shocking spheres 3 large cats 5 tigers 6 gargoyles a tengu 10 ochre jellies 4 leocrottas 2 energy vortices 4 mountain centaurs 2 stone giants 3 elf mummies 4 human mummies 7 red nagas 4 green slimes 4 pythons 3 pit vipers 4 cobras 38 wraiths 7 carnivorous apes 14 ettin zombies 3 leather golems 20 Grey-elves 113 soldiers 3 watchmen 6 amorous demons 7 horned devils 5 chameleons a crocodile 18 giant beetles a quivering blob 17 cockatrices 7 wolves 18 winter wolf cubs 3 lynxes 2 panthers 86 gremlins 2 spotted jellies 4 leprechauns 8 orc-captains 5 iron piercers 9 giant spiders 12 scorpions 8 horses 5 ice vortices a baby long worm 8 black lights 9 vampire bats 4 forest centaurs 8 gnome rulers 5 orc mummies 3 dwarf mummies 8 ogres 6 brown puddings 7 rust monsters 4 owlbears 7 yetis 3 werewolves 6 Green-elves 4 piranha 17 giant eels 11 lizards 6 chickatrices 3 dogs a housecat 6 jaguars a blue jelly a white unicorn 4 gray unicorns a black unicorn 6 dust vortices 29 ravens 9 plains centaurs 5 gnome mummies 5 snakes 3 water moccasins 16 apes 26 human zombies 4 rope golems 7 Woodland-elves 16 soldier ants 69 fire ants 19 bugbears 3 imps 4 lemures 9 quasits 5 wood nymphs 7 water nymphs 10 mountain nymphs 4 Mordor orcs 13 Uruk-hai 4 orc shamans 6 rock piercers 4 rock moles 3 ponies 4 fog clouds 12 yellow lights 5 shriekers 3 violet fungi 26 gnome leaders 9 gnomish wizards 2 kobold mummies a golden naga hatchling 2 gray oozes a barrow wight 15 elf zombies 11 ghouls 5 straw golems 2 paper golems 3 jellyfish 26 giant ants a little dog 12 floating eyes 15 dwarves 2 homunculi 4 kobold leaders 5 kobold shamans 23 hill orcs 11 rothes 2 rabid rats 8 giant bats 2 monkeys 11 orc zombies 8 dwarf zombies 2 wererats a werejackal 7 iguanas 104 killer bees 3 acid blobs 5 coyotes 3 gas spores 2 hobbits 16 manes 2 large kobolds 17 hobgoblins 6 giant rats 9 cave spiders 3 yellow molds a green mold 62 gnomes 18 garter snakes 20 gnome zombies 10 geckos 14 jackals 4 foxes 3 kobolds 6 goblins 15 grid bugs a bat 11 lichens 21 kobold zombies 11 newts 2299 creatures vanquished. Extinct species: erinyes (extinct) 1 species extinct. Voluntary challenges: You were illiterate. You never engraved Elbereth. You never genocided any monsters. You never changed form. You used 3 wishes. You did not wish for any artifacts. You did not violate any of the special Sokoban rules. Achievements: You entered a shop. You attained the rank of Skirmisher. You entered the Gnomish Mines. You attained the rank of Fighter. You entered Minetown. You entered a temple. You entered Sokoban. You attained the rank of Woman-at-arms. You completed Sokoban. You completed the Gnomish Mines. You defeated Medusa. You learned the tune to open and close the Castle's drawbridge. You attained the rank of Warrior. You had the Bell of Opening. You entered Gehennom. You handled the Candelabrum of Invocation. You handled the Book of the Dead. You gained access to Moloch's Sanctum. You reached the Elemental Planes. You reached the Astral Plane. You delivered the Amulet of Yendor. You ascended! The Elemental Planes: Astral Plane: <- You are here. A temple to Tyr. Plane of Water: Plane of Fire: Plane of Air: Plane of Earth: The Dungeons of Doom: levels 1 to 26 Level 1: "{&=P" Some fountains, a sink. One way stairs up to The Elemental Planes. Level 2: A general store. Level 3: Stairs down to The Gnomish Mines. Level 4: Level 5: A fountain. Level 6: Many fountains. Oracle of Delphi. Level 7: A fountain. Stairs up to Sokoban, level 6. Level 8: Level 9: A general store, some fountains. Level 10: Level 11: A fountain. Level 12: A fountain. Portal to The Quest. Level 13: "mithril backup _" Some shops, some altars to Tyr, a fountain. Level 14: "{P=*" Some fountains, a sink. Level 15: A primitive area. Level 16: "stash chest (daggers, %)" Level 17: Level 18: "ant nest, longsword, bag of tricks _" An altar to Tyr. Level 19: "pools" Level 20: Some fountains. Level 21: "red dragon scales" A fountain, a grave. Level 22: "ludios portal, temple" A temple. Portal to Fort Ludios. Level 23: Level 24: Many trees. Level 25: Level 26: "stash chest (crap wands, blank ?)" A fountain. The castle. Gehennom: levels 27 to 48 Level 27: "%/ stash _" A temple, many graves. Valley of the Dead. Level 28: Level 29: Level 30: Level 31: "EH stash >" A fountain. Level 32: Level 33: Level 34: Level 35: Level 36: "backup BoH >" Level 37: Level 38: Stairs up to Vlad's Tower, level 37. Level 39: Some shops, an altar, a grave. Level 40: "orcus next level" Level 41: Level 42: Level 43: Level 44: Level 45: "real wiz tower" Level 46: "fake tower" Level 47: "vibrating square" Level 48: A temple, many graves. Moloch's Sanctum. The Gnomish Mines: levels 4 to 12 Level 4: Level 5: Level 6: "stash closet, backup mithril" Many shops, a temple, some fountains, some trees. Level 7: "saddled warhorse" Level 8: Level 9: "poly trap" Level 10: Level 11: "+0 dagger stash" Level 12: "pools" The Quest: levels 1 to 5 Level 1: "water stash >" A fountain. Completed quest for the Norn. Level 2: Level 3: Level 4: Level 5: Sokoban: levels 6 up to 3 Level 3: Solved. Level 4: Solved. Level 5: Solved. Level 6: Solved. Fort Ludios: Level 1: "wand stash" Fort Ludios. Vlad's Tower: levels 37 up to 35 Level 35: Level 36: "crap stash closet" Level 37: Farvel torpedovariant the Demigoddess... You went to your reward with 2838034 points, Mjollnir (worth 4000 zorkmids and 10000 points) Grayswandir (worth 8000 zorkmids and 20000 points) Excalibur (worth 4000 zorkmids and 10000 points) The Orb of Fate (worth 3500 zorkmids and 8750 points) The Bell of Opening (worth 5000 zorkmids and 12500 points) and 0 pieces of gold, after 44462 moves. You were level 14 with a maximum of 203 hit points when you ascended.